 Dungeon Crawl Stone Soup version 0.30-a0-1163-gf69bf04e7a (webtiles) character file.

Game seed: 2858056355588814544

3447 themarg the Spear-Bearer (level 10, -15/83 HPs)
             Began as a Merfolk Berserker on Apr 29, 2023.
             Was an Elder of Trog.
             Hit by a large rock thrown by a cyclops (24 damage)
             ... on level 8 of the Dungeon.
             The game lasted 00:19:21 (9057 turns).

themarg the Spear-Bearer (Merfolk Berserker)        Turns: 9057, Time: 00:19:22

Health: -15/83     AC:  9    Str: 21    XL:     10   Next: 6%
Magic:  10/10      EV:  9    Int: 13    God:    Trog [****..]
Gold:   61         SH:  0    Dex: 14    Spells: 9/9 levels left

rFire   . . .        I - +1 trident (freeze)
rCold   . . .        (no shield)
rNeg    + . .        f - +0 chain mail
rPois   .            D - +0 helmet
rElec   .            (no cloak)
rCorr   .            (no gloves)
SInv    .            (no boots)
Will    .....        (no amulet) Stlth
                     o - +6 ring of intelligence
HPRegen 0.33/turn    v - ring of positive energy
MPRegen 0.12/turn

%: no passive effects
@: no status effects
A: (nimble swimmer 2), mertail
a: Renounce Religion, Berserk, Trog's Hand, Brothers in Arms


You were on level 8 of the Dungeon.
You worshipped Trog.
Trog was greatly pleased with you.
You visited 2 branches of the dungeon, and saw 9 of its levels.
You also visited: Sewer.

You collected 509 gold pieces.
You spent 448 gold pieces at shops.

Inventory:

Hand Weapons
 i - the +5 dagger of the Summoning Genius {drain, rElec rN++ Will- rCorr}
   (You found it on level 2 of the Dungeon)

   rElec:     It insulates you from electricity.
   rN:        It greatly protects you from negative energy.
   rCorr:     It protects you from acid and corrosion.
   Will:      It decreases your willpower.
 I - a +1 trident of freezing (weapon)
Missiles
 b - 10 poisoned darts (quivered)
 d - 100 stones
 n - 7 boomerangs
 p - 6 boomerangs of dispersal
 A - 2 throwing nets
Armour
 f - a +0 chain mail (worn)
 D - a +0 helmet (worn)
 F - a +0 kite shield
Jewellery
 o - a +6 ring of intelligence (left hand)
 v - a ring of positive energy (right hand)
Wands
 m - a wand of light (11)
 B - a wand of paralysis (15)
 H - a wand of digging (6)
Scrolls
 e - 2 scrolls of fear {unknown}
 g - 2 scrolls of acquirement {unknown}
 h - 3 scrolls of teleportation
 j - 3 scrolls of amnesia
 q - 3 scrolls of immolation
 t - 4 scrolls of blinking
 y - a scroll of fog {unknown}
 C - a scroll of enchant armour {unknown}
 E - a scroll of torment {unknown}
 G - a scroll of brand weapon {unknown}
 J - a scroll of magic mapping {unknown}
Potions
 a - 2 potions of resistance
 c - a potion of ambrosia {unknown}
 k - 3 potions of curing
 l - 2 potions of invisibility
 r - 2 potions of haste
 s - 3 potions of flight
 u - 3 potions of magic
 w - 3 potions of mutation
 x - a potion of cancellation {unknown}
 z - a potion of heal wounds


   Skills:
 + Level 9.3 Fighting
 - Level 14.0 Polearms
 - Level 1.3 Armour
 - Level 2.6 Dodging
 + Level 4.7 Shields


You had 9 spell levels left.
You didn't know any spells.
Your spell library was empty.

Dungeon Overview and Level Annotations

Branches:
Dungeon (8/15)             Temple (1/1) D:4           Sewer (visited)
   Lair: D:8-11

Altars:
Ashenzari
Cheibriados
Dithmenos
Elyvilon
Fedhas
Gozag
Hepliaklqana
Kikubaaqudgha
Makhleb
Nemelex Xobeh
Okawaru
Qazlal
Ru
Sif Muna
Trog
Uskayaw
Vehumet
Wu Jian
Xom
Yredelemnul
Zin
The Shining One

Shops:
D:5 !   D:7 ?

Annotations:
D:3 3 exclusions
D:8 Maurice


Innate Abilities, Weirdness & Mutations

((You are very nimble when in or above water. (Stealth+, EV+, Speed+++)))
Your lower body shifts to a powerful aquatic tail in water.


Message History

The cyclops throws a large rock.
The large rock hits you!
You barely miss the white imp.
The white imp hits you but does no damage.
You barely miss the white imp.
The white imp grinds its teeth.
You barely miss the white imp.
The white imp hits you but does no damage.
You hit the white imp but do no damage. The white imp gestures at you.
The puff of frost hits you!
You puncture the white imp!
You kill the white imp!
Trog accepts your kill.
Throw: 14 darts (poison)
Press: ? - help, Q - select action, (/) - cycle Shift-Dir - straight line, f - cyclops
Aim: a cyclops, quivering large rocks (87% to hit)
You throw a poisoned dart. The poisoned dart hits the cyclops.
The cyclops is poisoned.
Throw: 13 darts (poison)
Press: ? - help, Q - select action, (/) - cycle Shift-Dir - straight line, f/p - cyclops
Aim: a cyclops, quivering large rocks (lightly wounded, poisoned, 87% to hit)
You throw a poisoned dart. The poisoned dart hits the cyclops.
The cyclops is lightly wounded.
The cyclops throws a large rock.
The large rock barely misses you.
Throw: 12 darts (poison)
Press: ? - help, Q - select action, (/) - cycle Shift-Dir - straight line, f/p - cyclops
Aim: a cyclops, quivering large rocks (lightly wounded, poisoned, 87% to hit)
You throw a poisoned dart. The poisoned dart hits the cyclops.
The cyclops looks even sicker.
The cyclops is lightly wounded.
Throw: 11 darts (poison)
Press: ? - help, Q - select action, (/) - cycle Shift-Dir - straight line, f/p - cyclops
Aim: a cyclops, quivering large rocks (lightly wounded, very poisoned, 87% to hit)
You throw a poisoned dart. The poisoned dart hits the cyclops.
The cyclops is lightly wounded.
The cyclops throws a large rock.
The large rock hits you!!!
The cyclops throws a large rock.
The large rock hits you!!
* * * LOW HITPOINT WARNING * * *
The cyclops throws a large rock.
The large rock hits you!!
You die...

#.......[.#
#.........#
#.........#
########'##
####.# #....#
####### #....#
#.....# #....##
#.....# #....@#
#.....# #.....##
#.....#
#......###.....#
######..##..C..#
##.##.....#
#..#.....#
##.C(....###
####'.....#
#'.....#


You could see a cyclops (poisoned).

Vanquished Creatures
  Joseph (D:8)
  Grinder (D:4)
  2 wyverns
  An ice beast (D:5)
  2 sky beasts (D:6)
  A black bear (D:5)
  3 ogres
  A phantom (D:4)
  A kobold brigand (D:8)
  A bullfrog (D:7)
  5 scorpions
  13 wights
  A howler monkey (D:5)
  4 orc priests
  4 hounds
  A gnoll bouda (D:5)
  A sleepcap (D:6)
  2 iguanas
  6 orc wizards
  5 gnolls
  13 adders
  3 river rats
  A shadow imp (D:5)
  A white imp (D:8)
  A dart slug (D:3)
  21 orcs
  8 endoplasms
  6 giant cockroaches
  7 goblins
  6 hobgoblins
  11 jackals
  11 kobolds
  7 quokkas
  5 ball pythons
  4 bats (D:1)
  5 frilled lizards
  11 rats
177 creatures vanquished.

Notes
Turn   | Place    | Note
-------+----------+-------------------------------------------
     0 | D:1      | themarg the Merfolk Berserker began the quest for the Orb.
     0 | D:1      | Reached XP level 1. HP: 18/18 MP: 1/1
   196 | D:1      | Reached XP level 2. HP: 22/24 MP: 2/2
   224 | D:1      | Reached skill level 5 in Polearms
   443 | D:1      | Reached XP level 3. HP: 29/29 MP: 3/3
   799 | D:2      | Reached ** piety under Trog
   841 | D:2      | Reached skill level 6 in Polearms
   974 | D:2      | Reached XP level 4. HP: 35/35 MP: 4/4
  1179 | D:2      | Found a radiant altar of Vehumet.
  1201 | D:2      | Identified the +5 dagger of the Summoning Genius {drain,
                  | rElec rN++ Will- rCorr}
  1957 | D:3      | Reached skill level 7 in Polearms
  2012 | D:3      | Reached XP level 5. HP: 29/41 MP: 5/5
  2025 | D:3      | Found a glowing drain.
  2044 | Sewer    | Entered a sewer
  2314 | Sewer    | Reached *** piety under Trog
  2423 | Sewer    | Reached skill level 8 in Polearms
  2896 | D:3      | Reached XP level 6. HP: 30/47 MP: 6/6
  3027 | D:4      | Reached skill level 9 in Polearms
  3105 | D:4      | You fall into a shaft and drop 2 floors!
  3110 | D:5      | Entered Level 5 of the Dungeon
  3126 | D:5      | Noticed a black bear
  3143 | D:5      | Killed a black bear
  3144 | D:5      | Reached skill level 10 in Polearms
  3317 | D:5      | Reached XP level 7. HP: 52/52 MP: 7/7
  3580 | D:4      | Found a staircase to the Ecumenical Temple.
  3805 | D:4      | Reached skill level 11 in Polearms
  4015 | D:4      | Noticed Grinder
  4039 | D:4      | Paralysed by Grinder for 5 turns
  4046 | D:4      | Killed Grinder
  4362 | Temple   | Entered the Ecumenical Temple
  4515 | D:4      | Reached skill level 12 in Polearms
  4515 | D:4      | Reached XP level 8. HP: 46/58 MP: 8/8
  5154 | D:5      | Reached **** piety under Trog
  5214 | D:5      | Reached skill level 13 in Polearms
  5366 | D:5      | Found Luis's Distillery.
  5381 | D:5      | Bought a potion of degeneration for 13 gold pieces
  5381 | D:5      | Bought a potion of flight for 39 gold pieces
  5381 | D:5      | Bought a potion of curing for 39 gold pieces
  5381 | D:5      | Bought a potion of heal wounds for 65 gold pieces
  5381 | D:5      | Bought a potion of heal wounds for 65 gold pieces
  5381 | D:5      | Bought 2 potions of curing for 78 gold pieces
  5558 | D:5      | Found a radiant altar of Vehumet.
  5737 | D:5      | Reached skill level 14 in Polearms
  6222 | D:6      | Reached skill level 5 in Fighting
  6228 | D:6      | Reached XP level 9. HP: 20/67 MP: 9/9
  7523 | D:7      | Reached skill level 1 in Shields
  7892 | D:7      | Found Tefeidd's Magic Scroll Boutique.
  8065 | D:7      | Bought a scroll of blinking for 97 gold pieces
  8065 | D:7      | Bought a scroll of identify for 26 gold pieces
  8065 | D:7      | Bought a scroll of identify for 26 gold pieces
  8564 | D:8      | Reached ***** piety under Trog
  8575 | D:8      | Noticed Joseph
  8597 | D:8      | Killed Joseph
  8598 | D:8      | Reached XP level 10. HP: 39/83 MP: 10/10
  8733 | D:8      | Noticed Maurice
  8735 | D:8      | Noticed a cyclops
  9057 | D:8      | Hit by a large rock thrown by a cyclops

Illustrated notes

Levels and vault maps discovered:
D:1:      onia_arrival_pentagram, layout_basic
D:2:      layout_loops_corners, minmay_hexomino_r4
D:3:      layout_loops_ring, gup_sewer_entry_bubbles, cheibrodos_gnoll_hut
D:4:      layout_basic, minmay_temple_entry_junction, minmay_cut_off,
          uniq_grinder
D:5:      layout_rooms, kennysheep_mini, serial_shops, shop
D:6:      layout_layer_cave, nicolae_concentric_dashed_squares_wild,
          moated_statue
D:7:      layout_basic, serial_shops, nicolae_shop_hallway_plus
D:8:      layout_basic, kennysheep_generic_room_5, uniq_joseph, uniq_maurice
Temple:   grunt_wide_crystal_templ

Skill      XL: |  1  2  3  4  5  6  7  8  9 |
---------------+----------------------------+-----
Polearms       | 5 6 7 8 10 12 14 | 14.0
Fighting       | 5 9 |  9.3
Shields        | 4 |  4.7
Armour         | |  1.3
Dodging        | |  2.6

Action                     |  1- 3 |  4- 6 |  7- 9 | 10-12 || total
---------------------------+-------+-------+-------+-------++-------
  Melee: Spear             |   107 |   271 |   214 |       ||   592
         Punch             |     1 |     2 |     4 |       ||     7
         Tailslap          |       |     6 |       |       ||     6
         Trident           |       |       |   311 |    10 ||   321
  Throw: Dart              |       |       |       |     4 ||     4
 Invoke: Berserk           |     1 |       |       |       ||     1
         Trog's Hand       |       |       |     2 |       ||     2
  Evoke: Wand              |       |     1 |     3 |       ||     4
    Use: Scroll            |       |     4 |     5 |     1 ||    10
         Potion            |       |       |     2 |     1 ||     3
   Stab: Sleeping          |     1 |       |       |       ||     1
         Invisible         |       |     2 |     4 |       ||     6
 Armour: Animal skin       |    18 |       |       |       ||    18
         Chain mail        |    19 |    94 |   118 |     9 ||   240
  Dodge: Dodged            |    65 |    87 |   109 |     6 ||   267

Table legend: (Time is in decaauts)
 A = Elapsed time spent in this place.
 B = Non-inter-level travel time spent in this place.
 C = Inter-level travel time spent in this place.
 D = Time resting spent in this place.
 E = Time spent auto-exploring this place.
 F = Levels seen in this place.
 G = Mean time per level.
                   A        B        C        D        E       F      G
               +--------+--------+--------+--------+--------+-----+--------+
         Total |   8680 |   8374 |    306 |   1009 |   5822 |  10 |  868.0 |
       Dungeon |   8246 |   7955 |    291 |    980 |   5551 |   8 | 1030.8 |
        Temple |     69 |     54 |     15 |      0 |     37 |   1 |   69.0 |
         Sewer |    364 |    364 |      0 |     29 |    234 |   1 |  364.0 |
               +--------+--------+--------+--------+--------+-----+--------+

Top non-repeatable levels by time:
     D:4: 1652 daAuts
     D:6: 1445 daAuts
     D:5: 1139 daAuts
     D:7: 1009 daAuts
     D:2: 890 daAuts
     D:3: 823 daAuts
     D:1: 764 daAuts
     D:8: 521 daAuts
   Sewer: 364 daAuts
  Temple: 69 daAuts
